 Dungeon Crawl Stone Soup version 0.21.1-1-g345015f (webtiles) character file.

563 LairdRich the Chopper (level 7, 0/61 HPs)
             Began as a Minotaur Berserker on June 10, 2018.
             Was a Priest of Trog.
             Slain by an ogre
             ... wielding a +0 giant club
              (6 damage)
             ... on level 4 of the Dungeon.
             The game lasted 00:21:48 (3733 turns).

LairdRich the Chopper (Minotaur Berserker)          Turns: 3733, Time: 00:21:49

Health: 0/61       AC:  7    Str: 22    XL:     7   Next: 10%
Magic:  6/6        EV: 13    Int:  4    God:    Trog [***...]
Gold:   167        SH:  0    Dex: 11    Spells: 6/6 levels left

rFire    . . .     SeeInvis .   a - +0 hand axe
rCold    + . .     Gourm    .   (no shield)
rNeg     . . .     Faith    .   t - +1 ring mail {rC+}
rPois    .         Spirit   .   (helmet restricted)
rElec    .         Reflect  .   (no cloak)
rCorr    +         Harm     .   (no gloves)
MR       .....                  (no boots)
Stlth    +.........             y - amulet of inaccuracy
HPRegen  0.20/turn              g - ring of resist corrosion
MPRegen  0.10/turn              i - +1 ring of evasion

@: no status effects
A: retaliatory headbutt, horns 2
a: Berserk, Trog's Hand, Burn Spellbooks, Renounce Religion


You were on level 4 of the Dungeon.
You worshipped Trog.
Trog was most pleased with you.
You were not hungry.

You visited 1 branch of the dungeon, and saw 4 of its levels.

You collected 167 gold pieces.

Inventory:

Hand Weapons
 a - a +0 hand axe (weapon)
Missiles
 d - 48 poisoned needles
 e - 119 stones (quivered)
 o - 54 bolts
Armour
 k - a +0 scale mail
 t - a +1 ring mail of cold resistance (worn)
Jewellery
 g - a ring of resist corrosion (left hand)
 i - a +1 ring of evasion (right hand)
 w - an uncursed ring of magical power
 y - an amulet of inaccuracy (around neck)
Wands
 v - a wand of polymorph (5)
Scrolls
 b - a scroll of remove curse
 l - a scroll of enchant armour
 u - a scroll of immolation {unknown}
Potions
 f - a potion of cancellation
 j - a potion of lignification
 m - 2 potions of brilliance
 n - a potion of mutation
 p - a potion of haste {unknown}
 q - a potion of curing {unknown}
 r - 2 potions of heal wounds {unknown}
 s - 2 potions of agility
Comestibles
 c - 5 rations
 h - 3 chunks of flesh


   Skills:
 + Level 5.5 Fighting
 * Level 6.6 Axes
 + Level 4.6 Armour
 + Level 4.3 Dodging


You had 6 spell levels left.
You didn't know any spells.

Dungeon Overview and Level Annotations

Branches:
Dungeon (4/15)
 Temple: D:4-7

Altars:

Shops:
D:4 *


Innate Abilities, Weirdness & Mutations

You reflexively headbutt those who attack you in melee.
You have a pair of horns on your head.


Message History

The tengu barely misses you.
You slash the ogre! Your headbutt misses the ogre.
The ogre is moderately wounded.
You completely miss the tengu. The ogre closely misses you.
You furiously retaliate!
You headbutt the ogre, but do no damage.
The tengu misses you. The tengu pecks you but does no damage.
The tengu barely misses you. The tengu hits you.
* * * LOW HITPOINT WARNING * * *
The tengu barely misses you. The tengu closely misses you.
The tengu hits you but does no damage. The tengu pecks you but does no damage.
The tengu claws you.
* * * LOW HITPOINT WARNING * * *
You closely miss the tengu. You closely miss the ogre.
The tengu barely misses you. You furiously retaliate!
You headbutt the tengu, but do no damage.
The tengu pecks you but does no damage. The tengu claws you but does no damage.
The ogre hits you with a giant club.
You die...

##.# #.#
#..รท....#..###
##.###.# #######....#
.......# #...##
###.##.# ##)##
.....#.# #.# .##..#.##
######.### .###....#
#........# .# #....#
#....O...# .###....#
#...@Q...# ##......#
#........# #.#....##
#........#
##....>..#...........#
.>.......#.##........#
########.# #........#
.............#
#####.########


You could see an ogre and a tengu.

Vanquished Creatures
  Duvessa (D:4)
  A black bear (D:4)
  Dowan (D:4)
  A howler monkey (D:4)
  3 orc priests
  An orc wizard (D:4)
  Terence (D:3)
  The ghost of Iko the Conjurer, a weakling DrCj (D:3)
  4 adders
  An adder skeleton (D:4)
  4 dart slugs
  2 leopard geckos
  4 orcs
  12 bats
  3 giant cockroaches
  2 goblins (D:3)
  10 hobgoblins
  2 jackals (D:3)
  5 kobolds
  A quokka (D:3)
  5 ball pythons
  A frilled lizard (D:3)
  A jackal skeleton (D:4)
  9 rats
76 creatures vanquished.

Notes
Turn   | Place    | Note
-------+----------+-------------------------------------------
     0 | D:1      | LairdRich the Minotaur Berserker began the quest for the Orb.
     0 | D:1      | Reached XP level 1. HP: 19/19 MP: 0/0
   238 | D:1      | Reached XP level 2. HP: 27/27 MP: 1/1
   568 | D:1      | Reached skill level 4 in Axes
   931 | D:2      | Reached XP level 3. HP: 33/33 MP: 2/2
  1149 | D:2      | Reached ** piety under Trog
  1628 | D:3      | Noticed Iko's ghost (weakling DrCj)
  1641 | D:3      | Killed Iko's ghost
  1641 | D:3      | Reached XP level 4. HP: 9/41 MP: 3/3
  2170 | D:3      | Reached skill level 5 in Axes
  2170 | D:3      | Reached XP level 5. HP: 47/47 MP: 4/4
  2353 | D:3      | Noticed Terence
  2390 | D:3      | Killed Terence
  2971 | D:4      | Reached skill level 5 in Fighting
  2971 | D:4      | Reached XP level 6. HP: 41/56 MP: 5/5
  2978 | D:4      | Reached *** piety under Trog
  3044 | D:4      | Noticed Duvessa
  3070 | D:4      | Killed Duvessa
  3070 | D:4      | Reached skill level 6 in Axes
  3072 | D:4      | Noticed Dowan
  3094 | D:4      | Killed Dowan
  3405 | D:4      | Found Qaorino's Assorted Antiques.
  3460 | D:4      | Reached XP level 7. HP: 56/61 MP: 6/6
  3733 | D:4      | Slain by an ogre

Skill      XL: |  1  2  3  4  5  6 |
---------------+-------------------+-----
Axes           | 4 5 6 |  6.6
Fighting       | 4 5 |  5.5
Armour         | 3 4 |  4.6
Dodging        | 3 4 |  4.3

Action                   |  1- 3 |  4- 6 |  7- 9 || total
-------------------------+-------+-------+-------++-------
Melee: Hand axe          |    96 |    95 |    16 ||   207
       Headbutt          |    10 |    15 |     2 ||    27
Throw: Stone             |     2 |       |       ||     2
Invok: Berserk           |     2 |     3 |       ||     5
Evoke: Wand              |       |       |     1 ||     1
  Use: Scroll            |       |     9 |       ||     9
 Stab: Sleeping          |     1 |       |       ||     1
  Eat: Chunk             |     3 |     4 |       ||     7
       Ration            |       |     2 |       ||     2
Armor: Animal skin       |    10 |       |       ||    10
       Leather armour    |     9 |       |       ||     9
       Scale mail        |    13 |     1 |       ||    14
       Ring mail         |     3 |    32 |    15 ||    50
Dodge: Dodged            |    58 |    50 |    24 ||   132
